 Dungeon Crawl Stone Soup version 0.19.5 (webtiles) character file.

67 Monsterracer the Cudgeler (level 4, 0/44 HPs)
             Began as an Ogre Arcane Marksman on Sept 16, 2017.
             Slain by a worm (11 damage)
             ... on level 2 of the Dungeon.
             The game lasted 00:04:03 (2773 turns).

Monsterracer the Cudgeler (Ogre Arcane Marksman)    Turns: 2773, Time: 00:04:04

Health: 0/44       AC:  3    Str: 17    XL:     4   Next: 18%
Magic:  14/14      EV: 10    Int: 12    God:
Gold:   186        SH:  0    Dex:  9    Spells: 1 memorised, 4 levels left

rFire  . . .     SeeInvis .     h - +0 club
rCold  . . .     Gourm    .     a - +0 robe
rNeg   . . .     Faith    .     (no shield)
rPois  .         Spirit   .     (helmet restricted)
rElec  .         Reflect  .     (no cloak)
rCorr  .         Harm     .     (gloves unavailable)
MR     .....                    (boots unavailable)
Stlth  +.........               (no amulet)
                                (no ring)
                                m - ring of magical power

@: lethally poisoned (0 -> -2)
A: unfitting armour, tough skin 1
a: no special abilities


You were on level 2 of the Dungeon.
You were not hungry.

You visited 1 branch of the dungeon, and saw 2 of its levels.

You collected 186 gold pieces.

Inventory:

Hand Weapons
 h - a +0 club (weapon)
Missiles
 c - 29 stones (quivered)
 g - a throwing net {!f}
Armour
 a - a +0 robe (worn)
Jewellery
 m - a ring of magical power (left hand)
Scrolls
 d - a scroll of remove curse
 n - a scroll of enchant armour {unknown}
 p - a scroll of fear {unknown}
Potions
 e - a potion of mutation {unknown}
 j - 2 potions of degeneration {unknown}
 l - a potion of heal wounds {unknown}
 o - a potion of curing {unknown}
Books
 b - a book of Debilitation

   Spells                             Type                      Level
   a - Corona                         Hexes                        1
   b - Slow                           Hexes                        2
   c - Gell's Gravitas                Hexes/Translocation          3
   d - Inner Flame                    Hexes/Fire                   3
   e - Cause Fear                     Hexes                        4
   f - Leda's Liquefaction            Hexes/Earth                  4
Comestibles
 f - 3 bread rations
 i - a meat ration


   Skills:
 + Level 2.6 Fighting
 * Level 3.5 Maces & Flails
 + Level 2.6 Throwing
 - Level 1.7 Dodging
 - Level 1.2 Spellcasting
 - Level 2.1 Hexes


You had 4 spell levels left.
You knew the following spells:

 Your Spells              Type           Power        Failure   Level  Hunger
a - Corona                Hex            #......      14%         1    ##.....


Dungeon Overview and Level Annotations

Branches:
Dungeon (2/15)

Altars:
Gozag


Innate Abilities, Weirdness & Mutations

You are too large for most types of armour.
You have tough skin. (AC +1)


Message History

Damage: -2%(-1hp) hp: 53%(23hp)
You hit the worm.
The worm is heavily wounded.
The worm bites you but does no damage.
You barely miss the worm.
The worm is heavily wounded.
The worm bites you!
* * * LOW HITPOINT WARNING * * *
Huge Dmg: -28%(-12hp) hp: 25%(11hp)
You hit the worm.
The worm is heavily wounded.
You feel sick.
Damage: -2%(-1hp) hp: 23%(10hp)
You barely miss the worm.
The worm is heavily wounded.
The worm barely misses you.
You barely miss the worm.
The worm is heavily wounded.
The worm bites you!
You die...

### ### #####.( ..# ......(
#.# ..%.... #.# ##########
....... #.# #.....)...
.......#####.## #.........
####...#w....####.........
..((....'.@................
....(...#.....####.........
...(....####.....'.........
(.....### #######.........
?..... ##..###### ......
#..# ####.. ##.## #..# #..#


You could see a worm.

Vanquished Creatures
  2 adders (D:2)
  An ooze (D:1)
  3 dart slugs
  A leopard gecko (D:2)
  3 giant cockroaches
  6 goblins
  2 hobgoblins (D:1)
  2 jackals (D:1)
  A quokka (D:2)
  8 bats (D:1)
  A frilled lizard (D:2)
  3 kobolds
  5 rats
38 creatures vanquished.

Notes
Turn   | Place    | Note
-------+----------+-------------------------------------------
     0 | D:1      | Monsterracer the Ogre Arcane Marksman began the quest for the Orb.
     0 | D:1      | Reached XP level 1. HP: 19/19 MP: 2/2
   282 | D:1      | HP: 9/20 [jackal (2)]
   291 | D:1      | HP: 7/20 [jackal (3)]
   292 | D:1      | Reached XP level 2. HP: 10/28 MP: 3/3
   298 | D:1      | Reached skill level 1 in Maces & Flails
   907 | D:1      | Reached skill level 2 in Maces & Flails
  1007 | D:1      | HP: 14/28 [bat (1)]
  1012 | D:1      | Reached XP level 3. HP: 18/35 MP: 4/4
  1014 | D:1      | HP: 16/35 [hobgoblin (2)]
  1023 | D:1      | HP: 12/35 [rat (2)]
  1029 | D:1      | HP: 12/35 [kobold (1)]
  1743 | D:2      | HP: 15/35 [kobold/short sword (3)]
  1750 | D:2      | HP: 9/35 [quokka (3)]
  1762 | D:2      | Found an opulent altar of Gozag.
  2013 | D:2      | Reached skill level 3 in Maces & Flails
  2189 | D:2      | HP: 16/36 [adder (3)]
  2195 | D:2      | HP: 9/36 [poisoned by an adder]
  2337 | D:2      | HP: 16/36 [dart slug/slug dart (4)]
  2634 | D:2      | Reached XP level 4. HP: 43/44 MP: 5/5
  2770 | D:2      | HP: 11/44 [worm (12)]
  2773 | D:2      | Slain by a worm

Skill      XL: |  1  2  3 |
---------------+----------+-----
Maces & Flails | 2 3 |  3.5
Fighting       | 2 |  2.6
Throwing       | |  2.6
Dodging        | |  1.7
Spellcasting   | |  1.2
Hexes          | |  2.1

Action                   |  1- 3 |  4- 6 || total
-------------------------+-------+-------++-------
Melee: Unarmed           |    17 |       ||    17
       Club              |   102 |    30 ||   132
       Mace              |    38 |       ||    38
Throw: Large rock        |    16 |     3 ||    19
       Throwing net      |     4 |       ||     4
       Stone             |    47 |     8 ||    55
  Use: Scroll            |     2 |       ||     2
  Eat: Chunk             |     5 |     1 ||     6
Armor: Robe              |    59 |     7 ||    66
Dodge: Dodged            |    98 |    18 ||   116
